 Dungeon Crawl Stone Soup version 0.22.0-36-g8e74550 (webtiles) character file.

956 Marcoleric the Covered (level 7, -14/62 HPs)
             Began as a Minotaur Fighter on Aug 24, 2018.
             Demolished by a death yak (18 damage)
             ... on level 8 of the Dungeon.
             The game lasted 00:16:32 (2127 turns).

Marcoleric the Covered (Minotaur Fighter)           Turns: 2127, Time: 00:16:33

Health: -14/62     AC: 10    Str: 23    XL:     7   Next: 91%
Magic:  6/6        EV:  7    Int:  5    God:
Gold:   189        SH: 10    Dex:  9    Spells: 6/6 levels left

rFire    . . .     SeeInvis .   a - +1 war axe
rCold    . . .     Gourm    .   c - +0 shield
rNeg     . . .     Faith    .   q - +0 chain mail
rPois    .         Spirit   .   (helmet restricted)
rElec    .         Reflect  .   (no cloak)
rCorr    .         Harm     .   (no gloves)
MR       .....                  (no boots)
Stlth    ..........             (no amulet)
HPRegen  0.20/turn              (no ring)
MPRegen  0.10/turn              (no ring)

@: drained
A: retaliatory headbutt, horns 2
a: no special abilities


You were on level 8 of the Dungeon.
You were hungry.

You visited 1 branch of the dungeon, and saw 8 of its levels.

You collected 189 gold pieces.

Inventory:

Hand Weapons
 a - a +1 war axe (weapon)
 p - a +0 giant spiked club
Missiles
 e - 6 curare-tipped needles
Armour
 b - a +0 scale mail
 c - a +0 shield (worn)
 h - a +0 ring mail
 j - a +2 cloak
 q - a +0 chain mail (worn)
 s - a cursed +0 pair of gloves
Magical Staves
 u - an uncursed staff of poison {unknown}
Wands
 i - a wand of acid (8)
Scrolls
 m - a scroll of amnesia
 n - a scroll of blinking
 o - a scroll of remove curse
 t - 2 scrolls of enchant weapon
Potions
 d - a potion of might
 g - a potion of heal wounds {unknown}
 k - a potion of haste {unknown}
 l - a potion of flight
 r - a potion of curing {unknown}
Comestibles
 f - a ration


   Skills:
 + Level 5.6(5.2) Fighting
 + Level 6.3(5.9) Axes
 + Level 6.3(5.9) Armour
 + Level 2.5(2.2) Dodging
 + Level 0.6(0.3) Stealth
 + Level 6.2(5.8) Shields


You had 6 spell levels left.
You didn't know any spells.
Your spell library contained the following spells:

 Spells                   Type           Power        Failure   Level  Hunger
 Corona                   Hex            #......      100%        1    ##.....
 Summon Small Mammal      Summ           #...         100%        1    ##.....
 Call Imp                 Summ           #.......     100%        2    ###....
 Ensorcelled Hibernation  Hex/Ice        #.....       100%        2    ###....
 Call Canine Familiar     Summ           #.......     100%        3    ####...
 Confuse                  Hex            #.......     100%        3    ####...
 Dazzling Spray           Conj/Hex       #.....       100%        3    ####...
 Summon Guardian Golem    Hex/Summ       #.......     100%        3    ####...
 Tukima's Dance           Hex            #.......     100%        3    ####...
 Summon Ice Beast         Ice/Summ       #.......     100%        4    #####..
 Summon Lightning Spire   Summ/Air       #.......     100%        4    #####..


Dungeon Overview and Level Annotations

Branches:
Dungeon (8/15)
 Temple: D:4-7         Lair: D:8-11

Altars:

Shops:
D:4 =   D:6 [


Innate Abilities, Weirdness & Mutations

You reflexively headbutt those who attack you in melee.
You have a pair of horns on your head.


Message History

You hit the death yak but do no damage.
You headbutt the death yak, but do no damage.
You hit the wight.
Something shouts, "Run away, thou froward hedge-born hugger-mugger!"
You block the wight's attack.
A jackal comes into view.
The death yak gores you. The wight barely misses you. You furiously retaliate!
You headbutt the wight!
You destroy the wight!
Unknown command.
You slash the death yak!
The death yak is lightly wounded.
The death yak gores you!!
* * * LOW HITPOINT WARNING * * *
A phantom comes into view.
You hit the death yak but do no damage. Your headbutt misses the death yak.
The death yak is lightly wounded.
A shadow imp comes into view.
The death yak gores you!!
You die... ## .. .. #. #..##$######### #%....)@YY....# #.[#.####h.##.. .# YW h.
Y5 .

You could see 4 death yaks, a phantom, a shadow imp and 2 jackals.

Vanquished Creatures
  3 ogres
  A centaur (D:5)
  A bullfrog (D:3)
  A water moccasin zombie (D:4)
  A scorpion (D:6)
  A wight (D:8)
  2 crimson imps
  A bullfrog zombie (D:5)
  A hound (D:5)
  2 jellies (D:7)
  A bullfrog skeleton (D:5)
  2 orc wizards (D:4)
  2 worker ants
  3 adders
  A shadow imp (D:5)
  An adder skeleton (D:7)
  A leopard gecko (D:4)
  10 orcs
  2 ball pythons
  3 giant cockroaches
  A hobgoblin (D:3)
  4 jackals (D:5)
  3 kobolds (D:1)
  A quokka (D:4)
  2 bats
  3 frilled lizards
  A giant cockroach zombie (D:5)
  A jackal zombie (D:5)
  A quokka zombie (D:5)
  2 rats (D:3)
59 creatures vanquished.

Notes
Turn   | Place    | Note
-------+----------+-------------------------------------------
     0 | D:1      | Marcoleric the Minotaur Fighter began the quest for the Orb.
     0 | D:1      | Reached XP level 1. HP: 19/19 MP: 0/0
   146 | D:3      | Noticed a bullfrog
   153 | D:3      | Killed a bullfrog
   153 | D:3      | Reached XP level 2. HP: 19/28 MP: 1/1
   153 | D:3      | Reached XP level 3. HP: 23/34 MP: 2/2
   153 | D:3      | Reached XP level 4. HP: 27/41 MP: 3/3
   962 | D:4      | Found Gifebbul's Jewellery Shop.
   992 | D:4      | Reached skill level 5 in Shields
   992 | D:4      | Reached XP level 5. HP: 40/47 MP: 4/4
  1266 | D:4      | Reached skill level 1 in Dodging
  1267 | D:4      | Reached skill level 5 in Armour
  1304 | D:5      | Entered Level 5 of the Dungeon
  1360 | D:5      | Reached XP level 6. HP: 55/55 MP: 5/5
  1399 | D:5      | Reached skill level 5 in Fighting
  1573 | D:5      | Reached skill level 5 in Axes
  1573 | D:5      | Reached XP level 7. HP: 46/61 MP: 6/6
  1913 | D:6      | Found Irathiag's Antique Armour Shoppe.
  2120 | D:8      | Noticed a death yak
  2120 | D:8      | Noticed a death yak
  2120 | D:8      | Noticed a death yak
  2121 | D:8      | Noticed a death yak
  2124 | D:8      | Noticed a death yak
  2124 | D:8      | Noticed a death yak
  2127 | D:8      | Demolished by a death yak

Skill      XL: |  1  2  3  4  5  6  7 |
---------------+----------------------+-----
Fighting       | 4 5 |  5.6
Armour         | 4 5 6 |  6.3
Shields        | 4 5 6 |  6.2
Axes           | 3 4 5 6 |  6.3
Dodging        | 1 2 |  2.5
Stealth        | |  0.6

Action                   |  1- 3 |  4- 6 |  7- 9 || total
-------------------------+-------+-------+-------++-------
Melee: War axe           |    18 |    87 |    43 ||   148
       Headbutt          |     2 |    17 |    15 ||    34
  Use: Scroll            |     1 |     2 |     2 ||     5
       Potion            |       |       |     2 ||     2
  Eat: Ration            |       |     1 |       ||     1
Armor: Scale mail        |     7 |    43 |     1 ||    51
       Chain mail        |       |       |     9 ||     9
Dodge: Dodged            |     8 |    28 |    13 ||    49
Block: Shield            |    12 |    40 |    14 ||    66
